 Dungeon Crawl Stone Soup version 0.21-a0-178-g0b87683 (webtiles) character file.

9183 MackTheKnife the Grappler (level 11, -1/101 HPs)
             Began as a Ghoul Wanderer on Aug 9, 2017.
             Was a High Priest of Okawaru.
             Shot with a bolt by an orc warlord (34 damage)
             ... in a bailey.
             The game lasted 00:20:53 (9060 turns).

MackTheKnife the Grappler (Ghoul Wanderer)          Turns: 9060, Time: 00:20:54

Health: -1/101     AC: 10    Str: 24    XL:     11   Next: 42%
Magic:  15/15      EV: 15    Int:  7    God:    Okawaru [*****.]
Gold:   120        SH:  0    Dex: 15    Spells: 15/15 levels left

rFire    + . .     SeeInvis .     - Unarmed
rCold    + . .     Gourm    .   (no shield)
rNeg     + + +     Faith    .   b - +4 ring mail {MR+}
rPois    ∞         Spirit   .   (no helmet)
rElec    .         Reflect  .   (no cloak)
rCorr    .         Harm     +   (no gloves)
MR       +....                  B - +0 pair of boots
Stlth    ++........             o - amulet of harm
HPRegen  0.00/turn              w - ring of protection from fire {rF+, !d}
MPRegen  0.14/turn              t - +6 ring of strength

@: agile, rotting
A: rotting body, claws 1, carnivore 3, cold resistance 1, negative energy
resistance 3, inhibited regeneration, torment resistance, unbreathing
a: Heroism, Finesse, Renounce Religion


You were in a bailey.
You worshipped Okawaru.
Okawaru was extremely pleased with you.
You were not hungry.

You visited 2 branches of the dungeon, and saw 11 of its levels.
You also visited: Bailey.

You collected 449 gold pieces.
You spent 329 gold pieces at shops.

Inventory:

Hand Weapons
 a - a +3 hand crossbow
Missiles
 e - a throwing net {=f, !d}
 v - 81 bolts
Armour
 b - a +4 ring mail of magic resistance (worn)
   (You took it off an orc priest on level 3 of the Dungeon)
 B - a +0 pair of boots (worn)
   (You found it on level 8 of the Dungeon)
Jewellery
 o - an amulet of harm (around neck)
   (You found it on level 4 of the Dungeon)
 t - a +6 ring of strength (right claw)
   (You found it on level 7 of the Dungeon)
 w - a ring of protection from fire (left claw) {rF+, !d}
   (You found it on level 3 of the Dungeon)
Wands
 m - a wand of acid (6/15)
   (You found it on level 9 of the Dungeon)
 r - a wand of acid (3/15)
   (You took it off Ijyb on level 5 of the Dungeon)
 C - a wand of clouds (1/9)
   (You found it on level 9 of the Dungeon)
 D - a wand of digging (18/24)
   (You found it on level 8 of the Dungeon)
 E - a wand of flame (24/48)
   (You took it off a big kobold on level 9 of the Dungeon)
Scrolls
 d - 3 scrolls of fear
 g - 2 scrolls of recharging
 n - 2 scrolls of remove curse
 q - 2 scrolls of fog
 u - 3 scrolls of enchant weapon
 A - 4 scrolls of identify
Potions
 j - 4 potions of flight
 k - a potion of heal wounds
 l - 6 potions of curing
 p - 4 potions of ambrosia
 s - 2 potions of might
 x - a potion of agility
 z - a potion of brilliance
Comestibles
 c - 4 royal jellies
 f - 6 meat rations {@e2}
 i - 5 chunks of flesh {@w0}


   Skills:
 + Level 10.7 Fighting
 - Level 1.7 Crossbows
 - Level 1.7 Armour
 - Level 2.1 Stealth
 + Level 11.9 Unarmed Combat
 - Level 2.6 Spellcasting
 - Level 6.1 Invocations
 - Level 6.7 Evocations


You had 15 spell levels left.
You didn't know any spells.

Dungeon Overview and Level Annotations

Branches:
Dungeon (10/15)            Temple (1/1) D:6            Lair (0/6) D:9
    Orc: D:9-12

Altars:
Ashenzari
Cheibriados
Dithmenos
Elyvilon
Fedhas
Gozag
Hepliaklqana
Kikubaaqudgha
Makhleb
Nemelex Xobeh
Okawaru
Qazlal
Ru
Sif Muna
Trog
Uskayaw
Vehumet
Wu Jian
Xom
Yredelemnul
Zin
The Shining One

Shops:
D:7 *   D:9 !(=[?

Annotations:
D:3 1 runed door
D:5 Gruesome's ghost, novice OpTm


Innate Abilities, Weirdness & Mutations

Your body is rotting away.
You thrive on raw meat.
You are immune to poison.
You have sharp fingernails.
You are carnivorous and can eat meat at any time.
Your flesh is cold resistant. (rC+)
You are immune to negative energy. (rN+++)
You do not regenerate when monsters are visible.
You are immune to unholy pain and torment.
You can survive without breathing.


Message History

You feel a little less mighty now.
The orc warrior shouts!
Items here: )) [[ a broad axe; a ring mail; a war axe; a ring mail
There is an open door, spattered with blood here.
Items here: )))))))))))))))) [[[[[[[[[[[[[[[[ †††††††
Things that are here:
a hand axe; a leather armour You mangle the orc warrior!!
You kill the orc warrior!
Okawaru accepts your kill.
You hear a shout!
The orc warlord unwields an uncursed broad axe.
The orc warlord wields an arbalest.
The orc warlord shoots a bolt.
The bolt barely misses you.
Things that are here:
a hand axe; a leather armour
Aim: an orc warlord, wielding an arbalest and wearing a plate armour You create a blast of poison gas!
This wand has 2 charges left.
The orc warlord is engulfed in poison gas.
The orc warlord is poisoned.
The orc warlord roars a battlecry!
You hear a shout!
You scratch the orc warlord but do no damage.
The orc warlord unwields an uncursed arbalest.
The orc warlord wields an uncursed broad axe.
The orc warlord hits you with an uncursed broad axe!!
You take 36 damage, and have 56/101 hp.
MASSIVE DAMAGE!!
You feel agile all of a sudden.
Aim: an orc warlord, wielding a broad axe and wearing a plate armour (lightly wounded, poisoned)
You create a blast of poison gas!
This wand has 1 charge left.
The orc warlord is engulfed in poison gas.
The orc warlord looks even sicker.
The orc warlord hits you but does no damage.
The goblin is engulfed in poison gas.
The goblin is poisoned.
You kill the goblin!
Okawaru accepts your kill.
You closely miss the orc warlord.
The orc warlord is engulfed in poison gas.
The orc warlord looks as sick as possible!
The orc warlord hits you with an uncursed broad axe!!
* * * LOW HITPOINT WARNING * * *
You take 36 damage, and have 20/101 hp.
MASSIVE DAMAGE!!
You feel much better.
You regained 18 hp, and now have 38/101 hp.
Okay, then.
As you read the scroll of teleportation, it crumbles to dust.
You feel strangely unstable.
The orc warlord is engulfed in poison gas.
The orc warlord looks as sick as possible!
The orc warlord hits you with an uncursed broad axe!!
* * * LOW HITPOINT WARNING * * *
You take 31 damage, and have 7/101 hp.
MASSIVE DAMAGE!!
You feel much better.
The orc warlord is engulfed in poison gas.
The orc warlord looks as sick as possible!
The orc warrior is engulfed in poison gas.
The orc warrior is poisoned.
You regained 24 hp, and now have 31/101 hp.
You feel much better.
The orc warlord is engulfed in poison gas.
The orc warlord looks as sick as possible!
The orc warlord hits you with an uncursed broad axe!
The orc warrior is engulfed in poison gas.
The orc warrior looks even sicker.
The orc warrior closely misses you.
You regained 2 hp, and now have 33/101 hp.
Unknown command.
Your surroundings seem slightly different.
The orc warrior no longer looks unusually strong.
The orc warlord looks as sick as possible!
A gnoll comes into view. It is wielding a hand axe.
Okay, then.
The orc warrior is engulfed in poison gas.
The orc warrior looks even sicker.
The gnoll is engulfed in poison gas.
The gnoll is poisoned.
The orc warlord roars a battlecry!
The orc warrior goes into a battle-frenzy!
You kill the orc warrior!
Okawaru accepts your kill.
The gnoll is engulfed in poison gas.
The gnoll looks even sicker.
The orc warlord unwields an uncursed broad axe.
The orc warlord wields an uncursed arbalest.
The orc warlord shoots a bolt.
The bolt misses you.
You see here a bolt.
As you read the scroll of fear, it crumbles to dust.
You assume a fearsome visage.
The gnoll looks frightened!
The orc warlord looks frightened!
The gnoll is engulfed in poison gas.
The gnoll looks even sicker.
You kill the gnoll!
Okawaru accepts your kill.
The orc warlord is engulfed in poison gas.
The orc warlord looks as sick as possible!
You feel like a meek peon again.
Cornered, the orc warlord turns to fight!
The gnoll shouts!
The orc warlord shoots a bolt.
The bolt hits you!!
You die...

### ### ###.### ###.###
###.....### ###.....###
##.(.......###.........##
#.......@...#...........#
#§§........)))..........#
#(§...⌠.....#)....⌠.....#
#§§§........#...........#
#§§§........#...........#
###g§§).....###......)))##
###.#)#o....###
###.....#'#. #...))###.###
###.###... #?.....o..###
###.....


You could see an orc warlord and a gnoll.

Vanquished Creatures
  2 two-headed ogres (D:8)
  The ghost of Dustman the Cleaver, a novice DsGl of Ashenzari (Bailey)
  An orc knight (Bailey)
  A hornet (D:9)
  Grinder (D:4)
  Prince Ribbit (D:8)
  Sigmund (D:4)
  4 vampire mosquitoes (D:8)
  3 wargs (D:9)
  Edmund (D:4)
  3 ice beasts
  A sky beast (D:4)
  12 orc warriors
  A black bear (D:10)
  A phantom (D:7)
  3 ogres
  A necrophage (D:8)
  3 centaurs
  A big kobold (D:9)
  6 bullfrogs
  3 scorpions
  12 wights
  A howler monkey (D:4)
  5 crimson imps
  3 bullfrog zombies
  2 quasits
  8 hounds
  3 jellies
  6 orc priests
  2 centaur skeletons
  3 iguanas
  Ijyb (D:5)
  A human skeleton (D:3)
  7 orc wizards
  8 worker ants
  A hound zombie (D:10)
  A worker ant zombie (D:6)
  14 gnolls
  A howler monkey skeleton (D:8)
  7 adders
  2 shadow imps
  2 adder skeletons
  3 worms
  A dart slug (D:1)
  2 leopard geckos
  34 orcs
  7 bats
  5 giant cockroaches
  24 goblins
  15 hobgoblins
  14 jackals
  8 quokkas
  A ball python (D:4)
  A ball python skeleton (D:3)
  9 frilled lizards
  A goblin skeleton (D:3)
  A jackal skeleton (D:6)
  10 kobolds
  15 rats
292 creatures vanquished.

Notes
Turn   | Place    | Note
-------+----------+-------------------------------------------
     0 | D:1      | MackTheKnife the Ghoul Wanderer began the quest for the Orb.
     0 | D:1      | MackTheKnife set off with: a +2 hand crossbow, 24 bolts, the Disquisition on Earth, a +0 ring mail, a +0 dagger, a meat ration {@e2}
     0 | D:1      | Reached XP level 1. HP: 16/16 MP: 3/3
    78 | D:1      | Reached skill level 1 in Unarmed Combat
   103 | D:1      | Reached XP level 2. HP: 23/23 MP: 4/4
   141 | D:1      | Reached skill level 2 in Unarmed Combat
   211 | D:1      | Reached XP level 3. HP: 12/28 MP: 6/6
   217 | D:1      | HP: 6/28 [kobold (3)]
   266 | D:1      | Reached skill level 3 in Unarmed Combat
   738 | D:2      | Reached XP level 4. HP: 34/34 MP: 7/7
   805 | D:2      | Reached skill level 4 in Unarmed Combat
  1420 | D:3      | Reached XP level 5. HP: 39/39 MP: 8/8
  1523 | D:3      | Reached skill level 5 in Unarmed Combat
  1913 | D:3      | Reached skill level 6 in Unarmed Combat
  1918 | D:3      | Reached XP level 6. HP: 33/47 MP: 9/9
  2156 | D:3      | Found a runed door.
  2156 | D:3      | Noticed a human
  2166 | D:3      | Found a basalt altar of Yredelemnul.
  2380 | D:4      | Noticed Sigmund
  2388 | D:4      | Killed Sigmund
  2388 | D:4      | Reached skill level 7 in Unarmed Combat
  2388 | D:4      | Reached XP level 7. HP: 42/52 MP: 10/10
  2393 | D:4      | Identified the Disquisition on Earth
  2547 | D:5      | Entered Level 5 of the Dungeon
  2550 | D:5      | Noticed Edmund
  2718 | D:4      | Noticed Grinder
  2899 | D:4      | Reached skill level 2 in Fighting
  2909 | D:4      | Killed Grinder
  2909 | D:4      | Reached skill level 4 in Fighting
  3297 | D:4      | Reached skill level 5 in Fighting
  3451 | D:4      | Reached XP level 8. HP: 49/68 MP: 11/11
  3841 | D:4      | Killed Edmund
  3841 | D:4      | Reached skill level 8 in Unarmed Combat
  3921 | D:4      | Reached skill level 6 in Fighting
  3977 | D:5      | Noticed Gruesome's ghost (novice OpTm)
  4123 | D:5      | Noticed Ijyb
  4132 | D:5      | Killed Ijyb
  4137 | D:5      | Found a sparkling altar of Nemelex Xobeh.
  4137 | D:5      | Found a white marble altar of Elyvilon.
  4138 | D:5      | Found a deep blue altar of Sif Muna.
  4142 | D:5      | Found a hazy altar of Hepliaklqana.
  4142 | D:5      | Found an ornate altar of the Wu Jian Council.
  4334 | D:5      | Reached skill level 9 in Unarmed Combat
  4343 | D:5      | Reached skill level 7 in Fighting
  4634 | D:4      | HP: 18/73 [sky beast (1)]
  4636 | D:4      | HP: 3/73 [something (6)]
  5343 | D:5      | Reached XP level 9. HP: 75/78 MP: 12/12
  5744 | D:6      | Reached skill level 8 in Fighting
  5904 | D:6      | Found a staircase to the Ecumenical Temple.
  5917 | Temple   | Entered the Ecumenical Temple
  5962 | Temple   | Became a worshipper of Warmaster Okawaru
  6090 | D:6      | Found a shattered altar of Ashenzari.
  6144 | D:6      | Reached skill level 10 in Unarmed Combat
  6645 | D:7      | Reached skill level 9 in Fighting
  6658 | D:7      | Reached * piety under Okawaru
  6908 | D:7      | Found a blossoming altar of Fedhas.
  6912 | D:7      | Found a stormy altar of Qazlal.
  7008 | D:7      | Found Ladiliph's General Store.
  7012 | D:7      | Bought a scroll of identify for 26 gold pieces
  7012 | D:7      | Bought a scroll of identify for 26 gold pieces
  7016 | D:7      | Found a shimmering altar of Xom.
  7018 | D:7      | Found a burning altar of Makhleb.
  7195 | D:8      | Noticed Prince Ribbit
  7203 | D:8      | Reached skill level 1 in Evocations
  7210 | D:8      | Killed Prince Ribbit
  7210 | D:8      | Reached skill level 2 in Evocations
  7210 | D:8      | Reached XP level 10. HP: 64/91 MP: 13/13
  7214 | D:8      | Reached skill level 3 in Evocations
  7287 | D:8      | Reached ** piety under Okawaru
  7439 | D:8      | Reached skill level 4 in Evocations
  7524 | D:8      | Reached skill level 5 in Evocations
  7549 | D:8      | Noticed a two-headed ogre
  7563 | D:8      | Killed a two-headed ogre
  7563 | D:8      | Reached *** piety under Okawaru
  7563 | D:8      | Reached skill level 6 in Evocations
  7642 | D:8      | Noticed a two-headed ogre
  7647 | D:8      | Killed a two-headed ogre
  7647 | D:8      | Reached **** piety under Okawaru
  7647 | D:8      | Reached skill level 3 in Invocations
  7786 | D:8      | You fall through a shaft!
  7798 | D:9      | Found a staircase to the Lair.
  7811 | D:9      | Reached skill level 4 in Invocations
  7831 | D:9      | Received a gift from Okawaru
  7831 | D:9      | Reached skill level 5 in Invocations
  7872 | D:9      | Reached skill level 6 in Invocations
  8009 | D:9      | Found Baylauwa's Distillery.
  8028 | D:9      | Bought a potion of heal wounds for 85 gold pieces
  8028 | D:9      | Bought a potion of might for 68 gold pieces
  8028 | D:9      | Bought a potion of might for 68 gold pieces
  8102 | D:9      | Reached XP level 11. HP: 58/97 MP: 12/15
  8108 | D:9      | Reached skill level 11 in Unarmed Combat
  8290 | D:9      | Found Boufrufu's Magic Scroll Shop.
  8298 | D:9      | Bought a scroll of magic mapping for 56 gold pieces
  8321 | D:9      | Found Poqoe's Jewellery Boutique.
  8339 | D:9      | Found a glowing silver altar of Zin.
  8343 | D:9      | Found Qeesmez's Weapon Boutique.
  8480 | D:9      | Found an opulent altar of Gozag.
  8507 | D:9      | Found Rewamm's Armour Boutique.
  8812 | D:10     | Entered Level 10 of the Dungeon
  8825 | D:10     | Reached skill level 10 in Fighting
  8830 | D:10     | Found a flagged portal.
  8837 | Bailey   | Entered a bailey
  8955 | Bailey   | Noticed Dustman's ghost (novice DsGl)
  8967 | Bailey   | Killed Dustman's ghost
  8996 | Bailey   | Noticed an orc knight
  9000 | Bailey   | Noticed an orc warlord
  9023 | Bailey   | Killed an orc knight
  9023 | Bailey   | Reached ***** piety under Okawaru
  9047 | Bailey   | HP: 20/101 [orc warlord/uncursed broad axe (36)]
  9049 | Bailey   | HP: 7/101 [orc warlord/uncursed broad axe (31)]
  9060 | Bailey   | Shot with a bolt by an orc warlord

Vault maps used:
D:1:      dpeg_arrival_three_smaller_balls, serial_bayou_pond_d,
          serial_park_tiny_1, minmay_tetromino_s2
D:3:      dk_yredelemnul_ordeal
D:4:      cheibrodos_barr_body, first_bread, uniq_grinder, uniq_sigmund
D:5:      grunt_temple_overflow_open, uniq_edmund, uniq_ijyb
D:6:      kennysheep_little_box, minmay_temple_entry_grid
D:7:      grunt_temple_overflow_champion_of_chaos,
          grunt_temple_overflow_forces_of_nature, serial_shops, shop_statue
D:8:      uniq_prince_ribbit1
D:9:      cheibrodos_elevator_heist, zin_statuary, kennysheep_mini,
          erik_lair_orcish_takeover, serial_shops, nicolae_shop_statue_plus,
          nicolae_shop_stone, shop_statue, kennysheep_mini_moat,
          nicolae_shop_crystal, blue_anna_alchemist
D:10:     enter_bailey_2, serial_shops, shop_statue, serial_co_window_serial,
          co_window_paths_a, co_window_paths_b, co_window_corner_a,
          co_window_of_opportunity_a, co_window_paths_a, co_window_paths_a,
          co_window_of_opportunity_a, co_window_broadway_b, co_window_corner_ca,
          co_window_corner_b, co_window_corner_cb, co_window_unsneaky_path_a,
          co_window_cross_2, glass_columns_c
Temple:   cyrus_temple_forest
Bailey:   bailey_axe_minmay_hex_keep, bailey

Skill      XL: |  1  2  3  4  5  6  7  8  9 10 11 |
---------------+----------------------------------+-----
Unarmed Combat | 1 2 3 4 6 7 9 10 11 | 11.9
Fighting       | 5 7 9 10 | 10.7
Evocations     | 2 6 |  6.7
Invocations    | 6 |  6.1
Crossbows      | |  1.7
Armour         | |  1.7
Stealth        | |  2.1
Spellcasting   | |  2.6

Action                   |  1- 3 |  4- 6 |  7- 9 | 10-12 || total
-------------------------+-------+-------+-------+-------++-------
Melee: Unarmed           |       |    81 |   331 |   234 ||   646
       Punch             |       |     2 |    12 |    17 ||    31
 Fire: Hand crossbow     |    78 |    67 |     3 |       ||   148
Invok: Heroism           |       |       |       |     6 ||     6
Evoke: Wand              |       |     4 |     8 |    10 ||    22
  Use: Scroll            |     2 |     8 |     7 |     8 ||    25
       Potion            |       |       |     5 |     5 ||    10
  Eat: Chunk             |     6 |     5 |    29 |    27 ||    67
Armor: Ring mail         |     7 |    26 |   134 |    59 ||   226
Dodge: Dodged            |    12 |    46 |   167 |   110 ||   335

Vault maps used:
D:1:      dpeg_arrival_three_smaller_balls, serial_bayou_pond_d,
          serial_park_tiny_1, minmay_tetromino_s2
D:3:      dk_yredelemnul_ordeal
D:4:      cheibrodos_barr_body, first_bread, uniq_grinder, uniq_sigmund
D:5:      grunt_temple_overflow_open, uniq_edmund, uniq_ijyb
D:6:      kennysheep_little_box, minmay_temple_entry_grid
D:7:      grunt_temple_overflow_champion_of_chaos,
          grunt_temple_overflow_forces_of_nature, serial_shops, shop_statue
D:8:      uniq_prince_ribbit1
D:9:      cheibrodos_elevator_heist, zin_statuary, kennysheep_mini,
          erik_lair_orcish_takeover, serial_shops, nicolae_shop_statue_plus,
          nicolae_shop_stone, shop_statue, kennysheep_mini_moat,
          nicolae_shop_crystal, blue_anna_alchemist
D:10:     enter_bailey_2, serial_shops, shop_statue, serial_co_window_serial,
          co_window_paths_a, co_window_paths_b, co_window_corner_a,
          co_window_of_opportunity_a, co_window_paths_a, co_window_paths_a,
          co_window_of_opportunity_a, co_window_broadway_b, co_window_corner_ca,
          co_window_corner_b, co_window_corner_cb, co_window_unsneaky_path_a,
          co_window_cross_2, glass_columns_c
Temple:   cyrus_temple_forest
Bailey:   bailey_axe_minmay_hex_keep, bailey

Table legend:
 A = Turns spent in this place as a percentage of turns spent in the entire game.
 B = Non-inter-level travel turns spent in this place as a percentage of non-inter-level travel turns spent in the entire game.
 C = Inter-level travel turns spent in this place as a percentage of turns spent in this place.
 D = Turns resting spent in this place as a percentage of non-inter-level travel turns spent in this place.
 E = Turns spent auto-exploring this place as a percentage of non-inter-level travel turns spent in this place.
 F = Non-inter-level travel turns spent in this place divided by the number of levels of this place that you've seen.
                   A       B       C       D       E      F
               +-------+-------+-------+-------+-------+----------------------
         Total | 100.0 | 100.0 |   0.6 |   1.8 |   9.3 | 229.4
       Dungeon |  91.0 |  91.0 |   0.6 |   2.0 |   9.8 | 250.6
        Temple |   1.1 |   1.1 |   3.3 |   0.0 |   6.9 |  29.0
        Bailey |   7.9 |   7.9 |   0.0 |   0.0 |   3.2 | 218.0
               +-------+-------+-------+-------+-------+----------------------

Table legend:
 A = Kills in this place as a percentage of kills in entire the game.
 B = Kills by you in this place as a percentage of kills by you in the entire game.
 C = Kills by friends in this place as a percentage of kills by friends in the entire game.
 D = Other kills in this place as a percentage of other kills in the entire game.
 E = Experience gained in this place as a percentage of experience gained in the entire game.
 F = Experience gained in this place divided by the number of levels of this place that you have seen.
                   A       B       C       D       E      F
               +-------+-------+-------+-------+-------+----------------------
         Total | 100.0 | 100.0 |  -nan |  -nan | 100.0 | 1093.2
       Dungeon |  81.8 |  81.8 |  -nan |  -nan |  76.9 | 1008.2
        Bailey |  18.2 |  18.2 |  -nan |  -nan |  23.1 | 3037.0
               +-------+-------+-------+-------+-------+----------------------
